 Dungeon Crawl Stone Soup version 0.27-a0-1312-g5cdb2b3542 (webtiles) character file.

Game seed: 2578726397750276847

8451 quinnr the Thaumaturge (level 11, 0/67 HPs)
             Began as a Djinni Fire Elementalist on June 20, 2021.
             Was a Believer of Makhleb.
             Slain by a wolf (5 damage)
             ... on level 1 of the Lair of Beasts.
             The game lasted 00:37:36 (16110 turns).

quinnr the Thaumaturge (Djinni Fire Elementalist)  Turns: 16110, Time: 00:37:36

Health: 0/67       AC:  4    Str:  7    XL:     11   Next: 56%
Gold:   614        EV: 12    Int: 20    God:    Makhleb [**....] SH:  0 Dex: 14

rFire    + + .     SeeInvis .   (no weapon)
rCold    x . .     Faith    .   (no shield)
rNeg     . . .     Spirit   .   a - +0 robe
rPois    ∞         Reflect  .   (no helmet)
rElec    .         Harm     .   (no cloak)
rCorr    .         Rampage  .   p - +1 pair of gloves "Hatt" {rPois}
Will     ++...                  (boots unavailable)
Stlth    ++........             i - amulet of the acrobat
HPRegen  0.21/turn              G - ring of willpower
MPRegen  0.00/turn              C - ring of wizardry

@: flying
A: sickness immunity, fire resistance 2, cold vulnerability 1, float, innate
caster, hp casting, extra vitality 1
a: Renounce Religion, Minor Destruction


You were on level 1 of the Lair of Beasts.
You worshipped Makhleb.
Makhleb was pleased with you.
You visited 3 branches of the dungeon, and saw 13 of its levels.

You collected 614 gold pieces.

Inventory:

Missiles
 f - a throwing net
 g - 53 poisoned darts
Armour
 a - a +0 robe (worn)
 k - a +0 pair of gloves
 p - the +1 pair of gloves "Hatt" (worn) {rPois}
   (You acquired it on level 6 of the Dungeon)

   It protects you from poison.
Jewellery
 i - an amulet of the acrobat (around neck)
 s - a ring of see invisible
 u - an amulet of reflection
 w - a ring of magical power
 C - a ring of wizardry (right hand)
 G - a ring of willpower (left hand)
 I - a ring of positive energy
 L - an amulet of magic regeneration
Wands
 y - a wand of iceblast (6)
 B - a wand of paralysis (6)
 F - a wand of flame (16)
 K - a wand of polymorph (9)
 M - a wand of digging (4)
Scrolls
 b - a scroll of blinking
 c - 5 scrolls of immolation
 e - a scroll of fog
 l - 2 scrolls of summoning
 n - a scroll of torment {unknown}
 q - 3 scrolls of enchant weapon
 r - 6 scrolls of teleportation
 t - 5 scrolls of identify
 x - 2 scrolls of vulnerability
 D - a scroll of silence {unknown}
 J - a scroll of brand weapon {unknown}
Potions
 d - 3 potions of lignification
 h - a potion of heal wounds
 j - a potion of ambrosia {unknown}
 m - a potion of magic {unknown}
 o - 2 potions of might {unknown}
 v - a potion of resistance {unknown}
 z - a potion of degeneration {unknown}
 A - 2 potions of curing {unknown}
 E - a potion of mutation {unknown}
 H - a potion of brilliance {unknown}
 N - a potion of flight {unknown}


   Skills:
 + Level 1.4 Fighting
 + Level 2.8 Dodging
 + Level 2.2 Stealth
 - Level 12.9 Spellcasting


You had 6 spell levels left.
You knew the following spells:

 Your Spells              Type           Power      Damage    Failure   Level
a - Foxfire               Conj/Fire      100%       2x1d9     1%          1
b - Conjure Flame         Conj/Fire      60%        6-21      1%          3
c - Inner Flame           Hex/Fire       60%        N/A       1%          3
d - Sticky Flame          Conj/Fire      60%        2d8       1%          4
e - Fireball              Conj/Fire      30%        3d13      1%          5
f - Shock                 Conj/Air       100%       1d9       1%          1
g - Passwall              Tmut/Erth      50%        N/A       1%          2
h - Slow                  Hex            60%        N/A       1%          2
i - Spider Form           Tmut/Pois      30%        N/A       1%          3
j - Alistair's Intoxicat  Tmut/Pois      40%        N/A       1%          5
Your spell library was empty.

Dungeon Overview and Level Annotations

Branches:
Dungeon (11/15)            Temple (1/1) D:7            Lair (1/6) D:9
    Orc: D:9-12

Altars:
Ashenzari
Cheibriados
Dithmenos
Elyvilon
Fedhas
Gozag
Hepliaklqana
Kikubaaqudgha
Makhleb
Nemelex Xobeh
Okawaru
Qazlal
Ru
Sif Muna
Trog
Uskayaw
Vehumet
Wu Jian
Xom
Yredelemnul
Zin
The Shining One
Jiyva

Shops:
D:6 :

Annotations:
D:7 2 transporters, mordus's ghost, novice FoAK


Innate Abilities, Weirdness & Mutations

You are immune to sickness and miasma.
You are immune to poison.
Your flesh is very heat resistant. (rF++)
You are vulnerable to cold. (rC-)
You float through the air rather than walking.
You learn spells naturally, not from books.
Your magical power is your life essence.
You have superior vitality. (+4 HP)


Message History

The zap hits the wolf.
The wolf is severely wounded.
The zap hits the wolf!
The wolf is severely wounded.
* * * LOW HITPOINT WARNING * * *
The wolf bites you.
* * * LOW HITPOINT WARNING * * *
The wolf bites you!
* * * LOW HITPOINT WARNING * * *
Unknown command.
Casting: Shock (safe; 1% risk of failure)
Confirm with . or Enter, or press ? or * to list all spells.
Aiming: Shock (safe; 1% risk of failure)
Press: ? - help, Shift-Dir - straight line The zap misses the wolf.
The zap hits the wolf but does no damage.
The wolf is severely wounded.
* * * LOW HITPOINT WARNING * * *
The wolf barely misses you.
Casting: Shock (safe; 1% risk of failure)
Confirm with . or Enter, or press ? or * to list all spells.
Aiming: Shock (safe; 1% risk of failure)
Press: ? - help, Shift-Dir - straight line The zap hits the wolf.
The wolf is almost dead.
The zap hits the wolf.
The wolf is almost dead.
* * * LOW HITPOINT WARNING * * *
The wolf bites you.
* * * LOW HITPOINT WARNING * * *
The wolf bites you but does no damage.
Casting: Shock (safe; 1% risk of failure)
Confirm with . or Enter, or press ? or * to list all spells.
Aiming: Shock (safe; 1% risk of failure)
Press: ? - help, Shift-Dir - straight line The zap misses the wolf.
The zap hits the wolf.
The wolf is almost dead.
* * * LOW HITPOINT WARNING * * *
The wolf bites you.
You die...

### ######
.#######.#####.##.#########
...........................
..............h............
.+#.....###P##h#......##.#
. #.....######@##....#.....
.. #......#......#....#
....
...#.....##..)..##....# ...
.........P#.....#.....#
..#.....##.....##......
..#.....'......##....#..
#......#.#######......##
.........##....###........
..........................


You could see 2 wolves.

Vanquished Creatures
  2 two-headed ogres (D:9)
  A manticore (D:11)
  A gargoyle (D:11)
  An unseen horror (D:7)
  A komodo dragon (D:9)
  A hornet (D:7)
  A meliai zombie (D:10)
  Sigmund (D:5)
  6 yaks (D:10)
  3 wyverns
  Grum (D:8)
  A steam dragon (D:6)
  Duvessa (D:5)
  An acid dragon (D:10)
  3 water moccasins
  2 orc warriors
  2 sky beasts (D:7)
  2 ice beasts
  4 wolves
  An ogre (D:4)
  4 centaurs
  2 wyvern zombies
  4 bullfrogs
  3 kobold brigands
  A gnoll sergeant (D:5)
  2 scorpions
  A water moccasin zombie (D:5)
  Dowan (D:5)
  2 howler monkeys
  A vampire bat (D:5)
  5 centaur zombies
  2 hounds
  6 jellies
  5 orc priests
  A gnoll shaman (D:9)
  An iguana (D:6)
  3 orc wizards
  10 gnolls
  2 adders
  2 river rats (D:4)
  2 white imps
  2 ufetubi
  2 adder skeletons (D:4)
  4 worms
  3 dart slugs
  15 orcs
  3 ball pythons
  2 bat skeletons (D:5)
  4 bat zombies (D:5)
  3 endoplasms
  2 giant cockroaches
  4 goblins
  5 hobgoblins
  20 kobolds
  6 quokkas
  7 bats
  4 frilled lizards
  8 rats
190 creatures vanquished.

Vanquished Creatures (collateral kills)
  A foxfire (D:10)
1 creature vanquished.

Vanquished Creatures (others)
  640 foxfires
  A fungus (Lair:1)
  3 plants (D:9)
644 creatures vanquished.

Grand Total: 835 creatures vanquished

Notes
Turn   | Place    | Note
-------+----------+-------------------------------------------
     0 | D:1      | quinnr the Djinni Fire Elementalist began the quest for the
                  | Orb.
     0 | D:1      | Reached XP level 1. HP: 15/15 MP: 0/0
   281 | D:1      | Reached XP level 2. HP: 15/21 MP: 0/0
   551 | D:1      | Reached skill level 3 in Spellcasting
   817 | D:1      | Found a faded altar of an unknown god.
  1257 | D:1      | Reached XP level 3. HP: 18/25 MP: 0/0
  1257 | D:1      | Learned a level 1 spell: Shock
  2502 | D:3      | Reached XP level 4. HP: 20/31 MP: 0/0
  2513 | D:3      | Reached skill level 4 in Spellcasting
  2513 | D:3      | Reached XP level 5. HP: 12/35 MP: 0/0
  2513 | D:3      | Learned a level 2 spell: Passwall
  3803 | D:4      | Noticed an ogre
  3815 | D:4      | Killed an ogre
  3816 | D:4      | Reached skill level 5 in Spellcasting
  3816 | D:4      | Reached XP level 6. HP: 30/40 MP: 0/0
  4865 | D:5      | Entered Level 5 of the Dungeon
  5050 | D:5      | Noticed Duvessa
  5050 | D:5      | Noticed Dowan
  5274 | D:5      | Reached XP level 7. HP: 45/45 MP: 0/0
  5274 | D:5      | Learned a level 2 spell: Slow
  5341 | D:5      | Noticed Sigmund
  5603 | D:5      | Noticed a water moccasin
  5646 | D:5      | Killed a water moccasin
  5647 | D:5      | Reached skill level 6 in Spellcasting
  6137 | D:5      | Killed Sigmund
  6138 | D:5      | Reached skill level 7 in Spellcasting
  6138 | D:5      | Reached XP level 8. HP: 32/50 MP: 0/0
  7221 | D:5      | Killed Dowan
  7227 | D:5      | Killed Duvessa
  7600 | D:6      | Identified a scroll of acquirement
  7600 | D:6      | Acquired the +1 pair of gloves "Hatt" {rPois}
  7738 | D:6      | Reached skill level 8 in Spellcasting
  7839 | D:6      | Reached XP level 9. HP: 52/55 MP: 0/0
  7839 | D:6      | Learned a level 3 spell: Spider Form
  7997 | D:6      | Found Gyesuf's Book Boutique.
  8178 | D:6      | Found a bloodstained altar of Trog.
  8190 | D:6      | Found a snail-covered altar of Cheibriados.
  8190 | D:6      | Found a blossoming altar of Fedhas.
  8190 | D:6      | Found a basalt altar of Yredelemnul.
  8190 | D:6      | Found a burning altar of Makhleb.
  8191 | D:6      | Found a stormy altar of Qazlal.
  8192 | D:6      | Found an ornate altar of the Wu Jian Council.
  8194 | D:6      | Found a glowing golden altar of the Shining One.
  8250 | D:6      | quinnr: !whichgod DjFE
  8250 | D:6      | beem: 58 recent wins for DjFE: 27x Makhleb, 14x Ashenzari,
                  | 6x Gozag, 3x Dithmenos, 2x Cheibriados, Yredelemnul,
                  | Fedhas, Lugonu, Okawaru, Ru, Trog
  8293 | D:6      | Became a worshipper of Makhleb the Destroyer
  8347 | D:7      | You are sucked into a shaft and drop 2 floors!
  8584 | D:7      | Reached skill level 9 in Spellcasting
  8673 | D:7      | Noticed an unseen horror
  8683 | D:7      | HP: 5/55 [unseen horror (4)]
  8687 | D:7      | Killed an unseen horror
  8948 | D:7      | Found a hazy altar of Hepliaklqana.
  8949 | D:7      | Found a shimmering altar of Xom.
  8950 | D:7      | Noticed a spectral ugly thing
  9103 | D:7      | Found a staircase to the Ecumenical Temple.
  9180 | D:7      | Found a transporter.
  9182 | D:7      | Found a transporter.
  9183 | D:7      | Noticed mordus's ghost (novice FoAK)
  9228 | D:7      | Noticed a hornet
  9238 | D:7      | Killed a hornet
  9239 | D:7      | Reached skill level 10 in Spellcasting
  9415 | Temple   | Entered the Ecumenical Temple
 10592 | D:8      | Reached XP level 10. HP: 55/60 MP: 0/0
 10628 | D:8      | Found a viscous altar of Jiyva.
 11290 | D:8      | Reached * piety under Makhleb
 11532 | D:8      | Reached skill level 11 in Spellcasting
 11667 | D:8      | Noticed Grum
 11675 | D:8      | Killed Grum
 12486 | D:9      | Acquired a ring of willpower
 12509 | D:9      | Noticed a two-headed ogre
 12522 | D:9      | Killed a two-headed ogre
 12542 | D:9      | Noticed a two-headed ogre
 12602 | D:9      | Killed a two-headed ogre
 12973 | D:9      | Found a staircase to the Lair.
 12974 | D:9      | Noticed a komodo dragon
 12985 | D:9      | Killed a komodo dragon
 12986 | D:9      | Reached skill level 12 in Spellcasting
 13071 | D:9      | Reached XP level 11. HP: 40/65 MP: 0/0
 13071 | D:9      | Learned a level 5 spell: Alistair's Intoxication
 13620 | D:10     | Entered Level 10 of the Dungeon
 13742 | D:10     | Reached ** piety under Makhleb
 15821 | D:11     | Noticed a manticore
 15824 | D:11     | Killed a manticore
 15825 | D:11     | Reached skill level 1 in Fighting
 16053 | Lair:1   | Entered Level 1 of the Lair of Beasts
 16109 | Lair:1   | HP: 6/67 [wolf (1)]
 16110 | Lair:1   | Slain by a wolf

Illustrated notes

Levels and vault maps discovered:
D:1:      amcnicky_arrival_abandoned_market, layout_loops_corners,
          basic_ecumenical_altar, minmay_box_of_dots
D:2:      layout_basic
D:3:      layout_loops_ring, nrook_mini_backslash
D:4:      layout_cave_pods, gup_sewer_entry_bubbles
D:5:      layout_basic, kennysheep_vampire_church, lightli_minifort,
          uniq_duvessa, uniq_sigmund
D:6:      layout_cave_pools, minitemple, serial_shops, shop
D:7:      layout_basic, regret_index_temple_of_mockery,
          minmay_temple_entry_arrows, gammafunk_ghost_smash
D:8:      layout_loops_cross, lemuel_coloured_pillars_altar, jiyva_altar_1,
          uniq_grum
D:9:      layout_irregular_city, david_lair_shrubbed
D:10:     layout_irregular_city, kennysheep_generic_room_8
D:11:     layout_loops_ring, hiddenorc1_lemuel, minmay_between
Temple:   compressed_dpeg_triangle_lava_temple
Lair:1:   layout_regular_city

Skill      XL: |  1  2  3  4  5  6  7  8  9 10 11 |
---------------+----------------------------------+-----
Spellcasting   | 3 4 5 7 8 10 12 | 12.9
Fighting       | 1 |  1.4
Stealth        | 2 |  2.2
Dodging        | |  2.8

Action                   |  1- 3 |  4- 6 |  7- 9 | 10-12 || total
-------------------------+-------+-------+-------+-------++-------
Melee: Unarmed           |     1 |     5 |     3 |    31 ||    40
 Cast: Foxfire           |    81 |    82 |   119 |   104 ||   386
       Shock             |       |    39 |    81 |    43 ||   163
       Conjure Flame     |       |     1 |     8 |     7 ||    16
       Passwall          |       |     1 |       |       ||     1
       Slow              |       |       |    18 |    12 ||    30
       Fireball          |       |       |     3 |    40 ||    43
       Spider Form       |       |       |     1 |     8 ||     9
  Use: Scroll            |       |    11 |     1 |     1 ||    13
       Potion            |       |       |     1 |       ||     1
Armor: Robe              |     1 |     3 |    15 |     6 ||    25
Dodge: Dodged            |     8 |     9 |    61 |    62 ||   140

Table legend: (Time is in decaauts)
 A = Elapsed time spent in this place.
 B = Non-inter-level travel time spent in this place.
 C = Inter-level travel time spent in this place.
 D = Time resting spent in this place.
 E = Time spent auto-exploring this place.
 F = Levels seen in this place.
 G = Mean time per level.
                   A        B        C        D        E       F      G
               +--------+--------+--------+--------+--------+-----+--------+
         Total |  16134 |  15265 |    869 |   4057 |   9218 |  13 | 1241.1 |
       Dungeon |  15403 |  14560 |    843 |   3649 |   8943 |  11 | 1400.3 |
        Temple |    674 |    649 |     25 |    408 |    238 |   1 |  674.0 |
          Lair |     56 |     56 |      0 |      0 |     37 |   1 |   56.0 |
               +--------+--------+--------+--------+--------+-----+--------+

Top non-repeatable levels by time:
     D:5: 2092 daAuts
     D:4: 1905 daAuts
     D:7: 1818 daAuts
    D:10: 1814 daAuts
     D:1: 1481 daAuts
     D:9: 1454 daAuts
     D:8: 1332 daAuts
     D:2: 1067 daAuts
     D:6: 1064 daAuts
     D:3: 1045 daAuts
  Temple: 674 daAuts
    D:11: 326 daAuts
  Lair:1: 56 daAuts
